AoeStats
← alix

Arabia

504470450Analyzed
1v1 RM · 27d ago on Sep 5, 2026· 26m 28s· 2 players
Game mode
Random Map
Map size
Tiny (2 player)
Population
200
Speed
Normal
Resources
Standard
Victory
Conquest
Starting age
Dark Age
Ending age
Imperial Age
RankedLock teamsTeams togetherTeam positionsShared explorationLock speedFull tech treeHidden civsTurbo modeCheats
Victory
Defeat
🇩🇪 Portuguese · Germany
1811
+11
🇦🇷 Lithuanians · Argentina
1706
-11
Hipopocrates
6:20 Loom
8:31 Feudal Age
9:57 Double-Bit Axe
11:52 Horse Collar
12:43 Town Watch
22:05 Castle Age
21:34 Fletching
22:08 Crossbowman
22:44 Bodkin Arrow
22:50 Bodkin Arrow
24:36 Wheelbarrow
25:35 Padded Archer Armor
alix
6:01 Loom
8:21 Feudal Age
9:11 Double-Bit Axe
11:28 Horse Collar
16:35 Fletching
20:56 Castle Age
20:05 Scale Barding Armor
20:11 Forging
19:54 Gold Mining
21:45 Bloodlines
21:55 Crossbowman
22:55 Bow Saw
22:51 Bodkin Arrow
24:55 Husbandry
25:43 Chain Barding Armor
Connection lost

Rejoining the realm…

Still unreachable

The connection could not be restored.

Session expired

The server has moved on; the page needs a fresh start.